 Dungeon Crawl Stone Soup version 0.31-a0-426-g3a05650e59 (webtiles) character file.

Game seed: 1928623433145514943

1841 LeprechaunX the Mimic (level 9, -8/58 HPs)
             Began as an Octopode Shapeshifter on July 31, 2023.
             Was a Follower of Cheibriados.
             Mangled by a two-headed ogre
             ... wielding a +0 giant club
              (30 damage)
             ... on level 6 of the Dungeon.
             The game lasted 00:06:21 (4375 turns).

LeprechaunX the Mimic (Octopode Shapeshifter)       Turns: 4375, Time: 00:06:21

Health: -8/58      AC:  1    Str: 19    XL:     9   Next: 12%
Magic:  9/9        EV: 14    Int: 12    God:    Cheibriados [*.....]
Gold:   240        SH:  0    Dex: 16    Spells: 8/8 levels left

rFire   . .          .
                       - Unarmed
rCold   . . .        (no shield)
rNeg    + . .        (helmet currently unavailable)
rPois   .            g - amulet of regeneration
rElec   .            x - ring of positive energy
rCorr   .            (no ring)
SInv    .            (no ring)
Will    .....        (no ring)
Stlth   ++           (no ring)
HPRegen 1.09/turn    (no ring)
MPRegen 0.11/turn    (no ring)
                     (no ring)

%: no passive effects
@: about to teleport, beast-form, hasted, quick
A: beast (slay +5), almost no armour, amphibious, 8 rings, camouflage 1,
gelatinous body 1, (nimble swimmer 1), tentacles
a: Begin Untransformation, Renounce Religion, Bend Time


You were on level 6 of the Dungeon.
You worshipped Cheibriados.
Cheibriados was aware of your devotion.
You were a hulking beast.
You visited 2 branches of the dungeon, and saw 7 of its levels.

You collected 240 gold pieces.

Inventory:

Missiles
 k - 4 curare-tipped darts (quivered)
 w - a throwing net
Armour
 i - a +0 kite shield
Jewellery
 g - an amulet of regeneration (around mantle)
 x - a ring of positive energy (left tentacle)
Talismans
 b - a beast talisman (active)
 p - a blade talisman
Scrolls
 a - a scroll of enchant weapon {unknown}
 c - 2 scrolls of teleportation
 e - 3 scrolls of fog {unknown}
 f - a scroll of noise {unknown}
 m - a scroll of butterflies {unknown}
 o - 2 scrolls of poison {unknown}
 q - 7 scrolls of identify {unknown}
 r - 3 scrolls of revelation {unknown}
 s - 2 scrolls of vulnerability {unknown}
 v - a scroll of enchant armour {unknown}
 y - a scroll of fear {unknown}
Potions
 d - 3 potions of haste
 h - 3 potions of curing {unknown}
 j - 2 potions of enlightenment {unknown}
 l - 2 potions of brilliance {unknown}
 n - 2 potions of heal wounds {unknown}
 t - a potion of cancellation {unknown}
 u - a potion of invisibility {unknown}


   Skills:
 - Level 4.0 Fighting
 - Level 4.0 Dodging
 - Level 5.0 Unarmed Combat
 + Level 8.5 Shapeshifting


You had 8 spell levels left.
You didn't know any spells.
Your spell library was empty.

Dungeon Overview and Level Annotations

Branches:
Dungeon (6/15)             Temple (1/1) D:5

Altars:
Cheibriados
Dithmenos
Gozag
Kikubaaqudgha
Makhleb
Nemelex Xobeh
Okawaru
Ru
Sif Muna
Uskayaw
Xom
Yredelemnul
The Shining One

Shops:
D:5 *

Annotations:
D:5 3 runed translucent doors, hattop's ghost, novice DrSh


Innate Abilities, Weirdness & Mutations

You are a hulking beast.
Your limbs bulge with bestial killing power. (Slay +5)
You cannot wear most types of armour.
You are amphibious.
You can wear up to eight rings at the same time.
Your skin changes colour to match your surroundings (Stealth+).
Your rubbery body absorbs attacks. (AC +1, EV +1)
((You are camouflaged when in or above water. (Stealth+)))
You have tentacles for arms and can constrict up to eight enemies at once.


Message History

The centaur unwields a +0 shortbow.
The centaur hits you. The centaur barely misses you.
A phantom comes into view.
You bludgeon the centaur! You tentacle-slap the centaur.
You kill the centaur!
Cheibriados thoroughly appreciates the change of pace.
You close the door, pushing everything out of the way.
You see here a +0 shortbow.
You start resting.
A phantom opens the door.
You bludgeon the phantom!
The phantom is moderately damaged.
The phantom hits you.
The phantom blinks!
You blink.
You closely miss the phantom. You squeeze the phantom!
The phantom is severely damaged.
The phantom hits you.
The phantom blinks!
You blink.
You tentacle-slap the phantom.
The phantom is severely damaged.
The phantom misses you.
You closely miss the phantom. You squeeze the phantom.
You destroy the phantom!
Cheibriados appreciates the change of pace.
The scorpion barely misses you.
You bludgeon the scorpion! Your grab misses the scorpion.
The scorpion is heavily wounded.
The scorpion misses you.
You barely miss the scorpion. You grab the scorpion.
The scorpion is heavily wounded.
You constrict the scorpion. The scorpion stings you!
You release your grip on the scorpion.
The two-headed ogre closely misses you.
The two-headed ogre hits you with a +0 giant club!
You see here a +0 mace.
As you read the scroll labelled DYCRAR DYALE, it crumbles to dust.
You feel strangely unstable.
It was a scroll of teleportation.
It was a potion of haste.
You feel yourself speed up.
Cheibriados forgives your accidental hurry, just this once.
The two-headed ogre barely misses you.
The two-headed ogre hits you with a +0 giant club!!
Ouch! That really hurt!
You die...

####### ##..ยงยง.##
#..###..# #.8#?#8.#
##'##$##'####
#8..#$#...'.#
############...'s#..8#.#
...........##'##O##+##.#
..........#.#.8#h#8.#.)#
..........#.#..### .#.##
.........##.##.. ##.#
.........#..########..#
.........#..)))......##
.........#.###########
.........#. .........#.
.........#.


You could see a two-headed ogre and a scorpion.

Vanquished Creatures
  Pikel (D:4)
  Edmund (D:5)
  A water moccasin (D:5)
  A black bear (D:5)
  2 centaurs
  A phantom (D:6)
  A scorpion (D:6)
  A bullfrog (D:4)
  3 howler monkeys
  3 hounds
  A jelly (D:5)
  2 orc priests
  2 sleepcaps (D:6)
  6 iguanas
  3 orc wizards
  4 gnolls (D:5)
  3 adders
  A white imp (D:5)
  An ufetubus (D:5)
  A worm (D:2)
  A dart slug (D:3)
  19 orcs
  4 endoplasms
  2 giant cockroaches
  3 goblins
  6 hobgoblins
  3 jackals (D:5)
  6 kobolds
  4 quokkas
  8 ball pythons
  5 bats
  3 frilled lizards (D:2)
  6 rats
109 creatures vanquished.

Notes
Turn   | Place    | Note
-------+----------+-------------------------------------------
     0 | D:1      | LeprechaunX the Octopode Shapeshifter began the quest for
                  | the Orb.
     0 | D:1      | Reached XP level 1. HP: 13/13 MP: 1/1
     3 | D:1      | Noticed an electric eel
     8 | D:1      | Noticed an electric eel
   192 | D:1      | Reached XP level 2. HP: 18/18 MP: 2/2
   822 | D:2      | Reached XP level 3. HP: 23/23 MP: 3/3
  1830 | D:3      | Reached XP level 4. HP: 29/29 MP: 4/4
  2350 | D:4      | Noticed Pikel
  2350 | D:4      | Noticed a lemure
  2351 | D:4      | Noticed a lemure
  2351 | D:4      | Noticed a lemure
  2351 | D:4      | Noticed a lemure
  2362 | D:4      | Killed Pikel
  2363 | D:4      | Reached skill level 5 in Unarmed Combat
  2363 | D:4      | Reached skill level 4 in Shapeshifting
  2363 | D:4      | Reached XP level 5. HP: 9/37 MP: 5/5
  2363 | D:4      | Reached XP level 6. HP: 11/43 MP: 6/6
  2363 | D:4      | Reached XP level 7. HP: 12/48 MP: 7/7
  3154 | D:5      | Entered Level 5 of the Dungeon
  3157 | D:5      | Noticed Edmund
  3166 | D:4      | Reached skill level 5 in Shapeshifting
  3243 | D:5      | Noticed hattop's ghost (novice DrSh)
  3281 | D:5      | Reached XP level 8. HP: 38/54 MP: 8/8
  3364 | D:5      | Reached skill level 6 in Shapeshifting
  3455 | D:5      | Found Ymagauc's General Store.
  3551 | D:5      | Killed Edmund
  3627 | D:5      | Reached skill level 7 in Shapeshifting
  3680 | D:5      | Found an iron altar of Okawaru.
  3721 | D:5      | Found a runed translucent gate.
  3721 | D:5      | Found a runed translucent gate.
  3721 | D:5      | Found a runed translucent gate.
  3920 | D:5      | Found a staircase to the Ecumenical Temple.
  4036 | Temple   | Entered the Ecumenical Temple
  4045 | Temple   | Became a worshipper of Cheibriados the Contemplative
  4337 | D:6      | Reached skill level 8 in Shapeshifting
  4337 | D:6      | Reached XP level 9. HP: 52/58 MP: 9/9
  4351 | D:6      | Reached * piety under Cheibriados
  4356 | D:6      | Noticed a two-headed ogre
  4375 | D:6      | Mangled by a two-headed ogre

Illustrated notes

Levels and vault maps discovered:
D:1:      arrival_aquarium_b, layout_basic
D:2:      layout_basic, kennysheep_generic_room_13
D:3:      layout_loops_cross
D:4:      layout_loops_corners, corexii_leaking_fountain, uniq_pikel
D:5:      layout_basic, kennysheep_mini, minmay_temple_entry_poolview,
          gammafunk_ghost_split, serial_shops, shop, st_stairs_3, uniq_edmund
D:6:      minmay_chambers_of_sixes, layout_rooms, gammafunk_ghost_nasty_kobolds
Temple:   hellmonk_temple_flake

Skill      XL: |  1  2  3  4  5  6  7  8 |
---------------+-------------------------+-----
Fighting       | 2 4 |  4.0
Unarmed Combat | 5 |  5.0
Dodging        | 3 4 |  4.0
Shapeshifting  | 4 5 8 |  8.5

Action                     |  1- 3 |  4- 6 |  7- 9 || total
---------------------------+-------+-------+-------++-------
  Melee: Unarmed           |    59 |    29 |   119 ||   207
         Constrict         |    15 |     7 |    30 ||    52
         Tentacles         |     6 |     5 |    31 ||    42
         Punch             |     2 |     2 |     6 ||    10
  Throw: Dart              |     1 |       |     3 ||     4
    Use: Potion            |       |     1 |     1 ||     2
         Scroll            |       |       |     1 ||     1
   Stab: Sleeping          |     8 |     1 |     3 ||    12
 Armour: Skin              |     5 |     5 |     6 ||    16
  Dodge: Dodged            |    24 |    11 |    74 ||   109

Table legend: (Time is in decaauts)
 A = Elapsed time spent in this place.
 B = Non-inter-level travel time spent in this place.
 C = Inter-level travel time spent in this place.
 D = Time resting spent in this place.
 E = Time spent auto-exploring this place.
 F = Levels seen in this place.
 G = Mean time per level.
                   A        B        C        D        E       F      G
               +--------+--------+--------+--------+--------+-----+--------+
         Total |   4420 |   4007 |    413 |    167 |   3134 |   7 |  631.4 |
       Dungeon |   4399 |   4004 |    395 |    167 |   3134 |   6 |  733.2 |
        Temple |     20 |      2 |     18 |      0 |      0 |   1 |   20.0 |
               +--------+--------+--------+--------+--------+-----+--------+

Top non-repeatable levels by time:
     D:5: 972 daAuts
     D:2: 953 daAuts
     D:4: 928 daAuts
     D:1: 738 daAuts
     D:3: 594 daAuts
     D:6: 213 daAuts
  Temple: 20 daAuts
